 Dungeon Crawl Stone Soup version 0.23-a0-151-gf6d1ed2 (webtiles) character file.

9496 tsouns the Geomancer (level 11, 0/77 HPs)
             Began as an Octopode Earth Elementalist on Sept 8, 2018.
             Was an Elder of Sif Muna.
             Slain by an unseen horror (10 damage)
             ... on level 10 of the Dungeon.
             The game lasted 00:42:46 (11124 turns).

tsouns the Geomancer (Octopode Earth Elementalist) Turns: 11124, Time: 00:42:47

Health: 0/77       AC:  1    Str:  9    XL:     11   Next: 47%
Magic:  10/24      EV: 15    Int: 20    God:    Sif Muna [****..]
Gold:   583        SH:  2    Dex: 12    Spells: 12/28 levels left

rFire    . . .     SeeInvis .   i - +0 trident
rCold    . . .     Gourm    .   (no shield)
rNeg     . . .     Faith    .   (helmet restricted)
rPois    .         Spirit   .   q - +2 amulet of reflection
rElec    .         Reflect  +   x - ring of flight
rCorr    .         Harm     .   I - ring of protection from magic
MR       +....                  (no ring)
Stlth    +++.......             (no ring)
HPRegen  0.22/turn              (no ring)
MPRegen  0.19/turn              (no ring)
                                (no ring)
                                (no ring)

@: very slightly contaminated
A: almost no armour, stealthy swim, amphibious, 8 rings, constrict 8, camouflage
1, gelatinous body 1
a: Divine Energy, Channel Magic, Forget Spell, Renounce Religion, Evoke Flight


You were on level 10 of the Dungeon.
You worshipped Sif Muna.
Sif Muna was greatly pleased with you.
You were hungry.

You visited 1 branch of the dungeon, and saw 10 of its levels.
You also visited: Sewer.

You collected 583 gold pieces.

Inventory:

Hand Weapons
 g - a +1 spear
 h - a +2 scimitar of flaming
 i - a +0 trident (weapon)
 r - a +0 blowgun
 y - the +1 dagger of Disintegration {flame, rF+}
   (You found it on level 7 of the Dungeon)

   It has been specially enchanted to burn those struck by it, causing extra
   injury to most foes and up to half again as much damage against particularly
   susceptible opponents.
   It protects you from fire.
Missiles
 b - 194 stones (quivered)
 l - 9 tomahawks
 m - 8 curare-tipped needles
 t - 5 steel tomahawks
 z - 2 throwing nets
 E - 72 poisoned needles
Magical Staves
 v - an uncursed staff of conjuration
Jewellery
 q - a +2 amulet of reflection (around mantle)
 x - a ring of flight (left tentacle)
 I - a ring of protection from magic (right tentacle)
Wands
 o - a wand of scattershot (4)
 s - a wand of random effects (39)
 w - a wand of digging (15)
 J - a wand of clouds (7)
Scrolls
 d - 3 scrolls of remove curse
 j - 3 scrolls of amnesia
 k - 3 scrolls of teleportation
 A - a scroll of blinking
 B - a scroll of summoning
 C - 3 scrolls of magic mapping
 D - a scroll of identify
 H - a scroll of vulnerability
Potions
 a - 6 potions of curing
 e - 5 potions of flight
 f - a potion of agility
 n - a potion of resistance
 p - 3 potions of cancellation
 u - 2 potions of haste
 K - a potion of lignification
Miscellaneous
 F - a phantom mirror
 G - a lightning rod (4/4)
Comestibles
 c - 16 rations


   Skills:
 - Level 8.2 Fighting
 - Level 2.1 Polearms
 - Level 0.2 Throwing
 - Level 4.1 Dodging
 - Level 2.6 Stealth
 - Level 0.3 Unarmed Combat
 + Level 9.1 Spellcasting
 + Level 4.0 Conjurations
 - Level 1.2 Summonings
 + Level 4.3 Transmutations
 - Level 10.0 Earth Magic
 + Level 0.5 Invocations


You had 12 spell levels left.
You knew the following spells:

 Your Spells              Type           Power        Failure   Level  Hunger
a - Sandblast             Erth           #####.       1%          1    None
b - Passwall              Tmut/Erth      #####...     1%          2    None
c - Stone Arrow           Conj/Erth      #####.       1%          3    None
d - Petrify               Tmut/Erth      #####...     4%          4    ###....
e - Summon Butterflies    Summ           ##......     4%          1    None
f - Lee's Rapid Deconstr  Erth           #####.....   3%          5    #####..

Your spell library contained the following spells:

 Spells                   Type           Power        Failure   Level  Hunger
 Corona                   Hex            #......      8%          1    None
 Dazzling Spray           Conj/Hex       ###...       10%         3    None
 Ensorcelled Hibernation  Hex/Ice        #.....       12%         2    None
 Confuse                  Hex            #.......     22%         3    None
 Tukima's Dance           Hex            #.......     22%         3    None
 Cause Fear               Hex            #.........   58%         4    ###....
 Yara's Violent Unravell  Hex/Tmut       ###.......   65%         5    #####..
 Silence                  Hex/Air        #.........   91%         5    #####..
 Deflect Missiles         Chrm/Air       #.........   100%        6    ######.
 Discord                  Hex            #.........   100%        8    #######


Dungeon Overview and Level Annotations

Branches:
Dungeon (10/15)            Temple (0/1) D:6
   Lair: D:8-11         Orc: D:9-12

Altars:
Ashenzari
Cheibriados
Dithmenos
Hepliaklqana
Nemelex Xobeh
Ru
Sif Muna
Trog
Xom
Yredelemnul
Zin
The Shining One
Beogh

Shops:
D:5 [   D:7 }

Annotations:
D:7 2 runed doors, Tovarisch's ghost, novice DEFE


Innate Abilities, Weirdness & Mutations

You cannot wear most types of armour.
You are very stealthy in the water. (Stealth+)
You are amphibious.
You can wear up to eight rings at the same time.
You can use your tentacles to constrict eight enemies at once.
Your skin changes colour to match your surroundings (Stealth+).
Your rubbery body absorbs attacks. (AC +1, EV +1)


Message History

Something hits you. Something hits you.
You see here a short sword.
You are feeling hungry.
Something hits you!
* * * LOW HITPOINT WARNING * * *
Something hits you.
* * * LOW HITPOINT WARNING * * *
You see here a whip.
You feel better. Something hits you. Something hits you!
* * * LOW HITPOINT WARNING * * *
Blink to where?
Press: ? - help, Dir - move target cursor You are very lightly contaminated with residual magic.
As you read the scroll of blinking, it crumbles to dust.
Something hits you.
* * * LOW HITPOINT WARNING * * *
There is a stone staircase leading up, spattered with blood here.
You block something's attack. Something hits you!
You die...

.... #.. #..# #..#
#..# #..# #).# #..#
#..# #..# #..#####.
#..###........
#..............####.
#..@....#####.......
#..###..# .......
#..# #..# .......
#..# #).# .......
#..# #..# .......
#..#
#(ยง#####.......
#..###..)...........
#........)..........
#...................


There were no monsters in sight!

Vanquished Creatures
  Erica (D:8)
  2 two-headed ogres
  A flayed ghost (D:8)
  A centaur zombie (D:7)
  2 hippogriffs (D:9)
  Sigmund (D:3)
  5 wraiths (D:8)
  Eustachio (D:6)
  3 fire bats (D:8)
  A hungry ghost (D:7)
  2 water moccasins
  Duvessa (D:4)
  4 orc warriors
  2 black bears
  Purgy (Sewer)
  A hornet zombie (D:7)
  An ice beast (D:6)
  2 eyes of draining (D:9)
  7 ogres
  5 centaurs
  3 big kobolds
  3 bullfrogs
  Dowan (D:4)
  A killer bee (D:9)
  A howler monkey (D:7)
  A bullfrog zombie (D:5)
  3 crimson imps
  5 hounds
  2 jellies
  Crazy Yiuf (D:5)
  20 orc wizards
  4 orc priests
  2 bullfrog skeletons
  4 centaur skeletons
  2 worker ants
  4 iguanas
  Natasha (thrice) (D:3)
  3 killer bee zombies
  A hound zombie (D:5)
  2 hound skeletons
  A worker ant zombie (D:8)
  16 adders
  5 gnolls
  A river rat (D:3)
  2 shadow imps
  2 oozes
  4 worms
  3 dart slugs
  3 leopard geckos
  51 orcs
  A bat zombie (D:2)
  3 giant cockroaches
  10 goblins
  7 hobgoblins
  10 jackals
  22 kobolds
  5 quokkas
  A ball python (D:3)
  14 bats
  4 frilled lizards
  A leopard gecko skeleton (D:2)
  10 rats
286 creatures vanquished.

Vanquished Creatures (others)
  A centaur (D:7)
1 creature vanquished.

Grand Total: 287 creatures vanquished

Notes
Turn   | Place    | Note
-------+----------+-------------------------------------------
     0 | D:1      | tsouns the Octopode Earth Elementalist began the quest for
                  | the Orb.
     0 | D:1      | Reached XP level 1. HP: 11/11 MP: 3/3
   242 | D:1      | Reached XP level 2. HP: 17/17 MP: 3/5
   397 | D:1      | Reached XP level 3. HP: 18/21 MP: 6/6
   916 | D:2      | Reached skill level 1 in Fighting
   935 | D:2      | Reached XP level 4. HP: 28/28 MP: 6/8
   996 | D:2      | Reached skill level 1 in Polearms
  1181 | D:2      | Found a snail-covered altar of Cheibriados.
  1185 | D:2      | Learned a level 2 spell: Passwall
  1189 | D:2      | Learned a level 3 spell: Stone Arrow
  1196 | D:2      | Reached skill level 4 in Earth Magic
  1203 | D:2      | Found a sacrificial altar of Ru.
  1352 | D:2      | Found a glowing golden altar of the Shining One.
  1605 | D:3      | Found a glowing drain.
  1781 | Sewer    | Entered a sewer
  1801 | Sewer    | Reached XP level 5. HP: 15/33 MP: 6/9
  2016 | Sewer    | Noticed Purgy
  2032 | Sewer    | Killed Purgy
  2119 | D:3      | Reached XP level 6. HP: 9/39 MP: 1/11
  2223 | D:3      | Learned a level 4 spell: Petrify
  2533 | D:3      | Noticed Natasha
  2540 | D:3      | Killed Natasha
  2573 | D:3      | Noticed Sigmund
  2588 | D:3      | Killed Sigmund
  2588 | D:3      | Reached skill level 1 in Conjurations
  2588 | D:3      | Reached skill level 5 in Earth Magic
  2588 | D:3      | Reached XP level 7. HP: 45/45 MP: 5/13
  2715 | D:3      | Noticed Natasha
  2720 | D:3      | Killed Natasha
  2769 | D:3      | Noticed Natasha
  2773 | D:3      | Killed Natasha
  2843 | D:4      | Noticed Duvessa
  2843 | D:4      | Noticed Dowan
  3064 | D:4      | Killed Duvessa
  3069 | D:4      | Killed Dowan
  3442 | D:4      | Reached XP level 8. HP: 49/50 MP: 0/15
  3532 | D:4      | Found a deep blue altar of Sif Muna.
  3542 | D:4      | Became a worshipper of Sif Muna the Loreminder
  3554 | D:4      | Identified Sif Muna's Compendium of the Escort
  3731 | D:4      | Reached skill level 5 in Spellcasting
  3873 | D:4      | Learned a level 1 spell: Summon Butterflies
  3879 | D:4      | Learned a level 5 spell: Lee's Rapid Deconstruction
  3960 | D:4      | Reached skill level 6 in Earth Magic
  4053 | D:4      | You fall through a shaft for 3 floors!
  4504 | D:6      | Reached * piety under Sif Muna
  4763 | D:6      | Noticed Eustachio
  4776 | D:6      | Killed Eustachio
  4776 | D:6      | Reached XP level 9. HP: 54/57 MP: 4/17
  4976 | D:5      | Entered Level 5 of the Dungeon
  5377 | D:5      | Found Cuecungi's Antique Armour Emporium.
  5511 | D:5      | Found a runed door.
  5572 | D:5      | Noticed Crazy Yiuf
  5575 | D:5      | Killed Crazy Yiuf
  6201 | D:6      | Reached skill level 7 in Earth Magic
  6205 | D:6      | Reached ** piety under Sif Muna
  6312 | D:6      | Found a staircase to the Ecumenical Temple.
  6406 | D:7      | Found Docuth's Gadget Emporium.
  6450 | D:7      | Got an ichor-stained dagger
  6451 | D:7      | Identified the +1 dagger of Disintegration {flame, rF+}
                  | (You found it on level 7 of the Dungeon)
  6670 | D:7      | Found a large runed door.
  6670 | D:7      | Found a large runed door.
  6672 | D:7      | Noticed Tovarisch's ghost (novice DEFE)
  7184 | D:7      | Reached skill level 5 in Fighting
  7194 | D:7      | Noticed a two-headed ogre
  7394 | D:7      | Reached skill level 8 in Earth Magic
  7394 | D:7      | Reached XP level 10. HP: 49/66 MP: 1/20
  7869 | D:7      | Killed a two-headed ogre
  8049 | D:7      | Reached *** piety under Sif Muna
  8356 | D:8      | Found a runed door.
  8692 | D:8      | Found a glowing silver altar of Zin.
  8900 | D:8      | Noticed Erica
  8905 | D:8      | Killed Erica
  8905 | D:8      | Reached skill level 9 in Earth Magic
  9066 | D:8      | Found a shattered altar of Ashenzari.
  9111 | D:8      | Found a shimmering altar of Xom.
  9177 | D:8      | Found a deep blue altar of Sif Muna.
  9207 | D:8      | Found a basalt altar of Yredelemnul.
  9221 | D:8      | Found a shimmering altar of Xom.
  9233 | D:8      | Found a shadowy altar of Dithmenos.
  9313 | D:8      | Noticed a flayed ghost
  9318 | D:8      | Killed a flayed ghost
  9318 | D:8      | Reached XP level 11. HP: 77/77 MP: 9/23
  9541 | D:9      | Noticed a two-headed ogre
  9547 | D:9      | Killed a two-headed ogre
  9547 | D:9      | Reached **** piety under Sif Muna
  9609 | D:9      | Found a sparkling altar of Nemelex Xobeh.
  9612 | D:9      | Found a hazy altar of Hepliaklqana.
  9794 | D:9      | Reached skill level 10 in Earth Magic
 10490 | D:9      | Found a bloodstained altar of Trog.
 10508 | D:10     | Entered Level 10 of the Dungeon
 10533 | D:9      | Reached skill level 1 in Summonings
 10819 | D:10     | Found a roughly hewn altar of Beogh.
 11124 | D:10     | Slain by an unseen horror

Vault maps used:
D:1:      nzn_arrival_crosshair, minmay_misc_feat_encased
D:2:      tso_metal_star, cheibriados_altar_1, serial_undead, serial_undead_c,
          serial_undead_b, serial_undead_e, serial_undead_e,
          nicolae_ru_the_path_less_chosen
D:3:      portal_sewer_entry_a, first_ration, uniq_sigmund, uniq_natasha
D:4:      led_sif_book, uniq_duvessa
D:5:      serial_shops, shop, sigmund_army, uniq_crazy_yiuf_cottage
D:6:      minmay_temple_entry_poolview, kennysheep_generic_room_5,
          uniq_eustachio
D:7:      minmay_flawed_box, ebering_ghost_disaster_area, serial_shops, shop,
          grunt_ogre_cave
D:8:      due_megacathedral, marbit_many_paths, uniq_erica
D:9:      nicolae_overflow_hidden_temple, kennysheep_mini
D:10:     david_orc_5, special_room, kennysheep_minor_cross,
          kennysheep_generic_room_7, uniq_sonja, uniq_erolcha
Sewer:    sewer_the_crocodile

Skill      XL: |  1  2  3  4  5  6  7  8  9 10 11 |
---------------+----------------------------------+-----
Fighting       | 1 2 3 5 7 8 |  8.2
Polearms       | 1 2 |  2.1
Earth Magic    | 4 5 6 8 9 10 | 10.0
Spellcasting   | 3 4 5 7 8 9 |  9.1
Conjurations   | 1 2 3 4 |  4.0
Transmutations | 2 3 4 |  4.3
Dodging        | 3 4 |  4.1
Summonings     | 1 |  1.2
Throwing       | |  0.2
Stealth        | |  2.6
Unarmed Combat | |  0.3
Invocations    | |  0.5

Action                   |  1- 3 |  4- 6 |  7- 9 | 10-12 || total
-------------------------+-------+-------+-------+-------++-------
Melee: Unarmed           |     3 |       |       |       ||     3
       Constrict         |     9 |    24 |    17 |     8 ||    58
       Spear             |    41 |   112 |     4 |       ||   157
       Tentacles         |     2 |    11 |     5 |     7 ||    25
       Trident           |       |       |    80 |    36 ||   116
Throw: Tomahawk          |       |     3 |       |       ||     3
       Stone             |       |       |     1 |       ||     1
       Throwing net      |       |       |     1 |       ||     1
 Cast: Sandblast         |    15 |    44 |    69 |    79 ||   207
       Stone Arrow       |       |     1 |    93 |    75 ||   169
       Lee's Rapid Decon |       |       |     6 |    20 ||    26
       Summon Butterflie |       |       |     2 |     1 ||     3
       Petrify           |       |       |     1 |     5 ||     6
Evoke: Wand              |       |       |       |     1 ||     1
  Use: Scroll            |       |    11 |     9 |     5 ||    25
       Potion            |       |     3 |     2 |     1 ||     6
 Stab: Sleeping          |     8 |     8 |     3 |       ||    19
       Petrified         |       |       |       |     7 ||     7
  Eat: Chunk             |       |     5 |    18 |    13 ||    36
       Ration            |       |       |     1 |     1 ||     2
Armor: Skin              |     9 |    10 |     6 |     2 ||    27
Dodge: Dodged            |    27 |    77 |    99 |    49 ||   252
Block: Other             |       |       |     8 |     7 ||    15
       Reflection        |       |       |     1 |     2 ||     3
       Rpst.: Scimitar   |       |       |       |     1 ||     1

Table legend:
 A = Non-vault XP
 B = Vault XP
 C = Vault XP percentage of total XP
 D = Non-vault monster count
 E = Vault monster count
 F = Vault count percentage of total count
                 A         B        C        D         E       F
            +---------+---------+-------+---------+---------+-------
      Total |    9223 |    4343 |  32.0 |     229 |      58 |  20.2
            +---------+---------+-------+---------+---------+-------
        D:1 |      43 |       0 |   0.0 |      16 |       0 |   0.0
        D:2 |      85 |       3 |   3.4 |      23 |       2 |   8.0
        D:3 |     226 |     283 |  55.6 |      25 |       7 |  21.9
        D:4 |     615 |     297 |  32.6 |      31 |       4 |  11.4
        D:5 |     398 |      50 |  11.2 |       9 |       4 |  30.8
        D:6 |     961 |     191 |  16.6 |      22 |       1 |   4.3
        D:7 |    2277 |     434 |  16.0 |      23 |       9 |  28.1
        D:8 |    1127 |    2676 |  70.4 |      27 |       7 |  20.6
        D:9 |    3003 |       0 |   0.0 |      40 |       0 |   0.0
       D:10 |     488 |     268 |  35.4 |      13 |      18 |  58.1
      Sewer |       0 |     141 | 100.0 |       0 |       6 | 100.0
            +---------+---------+-------+---------+---------+-------
